 Dungeon Crawl Stone Soup version 0.25-a0-1007-g10a8c3caa8 (webtiles) character file.

Game seed: 1424340883521919480, levelgen mode: deterministic

181 Hasart the Magician (level 5, -1/28 HPs)
             Began as a Deep Elf Wizard on May 6, 2020.
             Slain by Natasha (5 damage)
             ... on level 3 of the Dungeon on May 11, 2020.
             The game lasted 00:07:39 (3688 turns).

Hasart the Magician (Deep Elf Wizard)               Turns: 3688, Time: 00:07:39

Health: -1/28      AC:  6    Str:  4    XL:     5   Next: 34%
Magic:  8/14       EV: 13    Int: 24    God:
Gold:   112        SH:  0    Dex: 13    Spells: 6/14 levels left

rFire    . . .     SeeInvis .   s - +0 trident
rCold    + . .     Gourm    .   (no shield)
rNeg     . . .     Faith    .   a - +0 robe
rPois    .         Spirit   .   q - +0 helmet
rElec    .         Reflect  .   i - +2 cloak
rCorr    .         Harm     .   (no gloves)
MR       .....                  (no boots)
Stlth    ++........             (no amulet)
HPRegen  0.09/turn              k - ring of protection from cold
MPRegen  0.14/turn              (no ring)

@: lethally poisoned (-1 -> -28)
A: no striking features
a: no special abilities


You were on level 3 of the Dungeon.
You were very hungry.

You visited 1 branch of the dungeon, and saw 3 of its levels.

You collected 112 gold pieces.

Inventory:

Hand Weapons
 s - a +0 trident (weapon)
Armour
 a - a +0 robe (worn)
 i - a +2 cloak (worn)
 q - a +0 helmet (worn)
Jewellery
 k - a ring of protection from cold (left hand)
Scrolls
 b - a scroll of magic mapping {unknown}
 c - 3 scrolls of identify {unknown}
 e - 4 scrolls of amnesia {unknown}
 h - 2 scrolls of noise {unknown}
 j - a scroll of fear {unknown}
 l - a scroll of enchant armour {unknown}
 o - a scroll of remove curse {unknown}
Potions
 g - a potion of haste {unknown}
 m - a potion of lignification {unknown}
 n - 2 potions of stabbing {unknown}
 p - a potion of curing {unknown}
Comestibles
 d - 6 rations


   Skills:
 + Level 3.3 Dodging
 - Level 2.4 Stealth
 + Level 5.3 Spellcasting
 * Level 3.3 Conjurations
 + Level 2.0 Summonings
 + Level 1.9 Translocations
 + Level 1.0 Air Magic
 + Level 1.3 Poison Magic


You had 6 spell levels left.
You knew the following spells:

 Your Spells              Type           Power        Failure   Level  Hunger
a - Magic Dart            Conj           ###.         2%          1    None
b - Call Imp              Summ           ###.....     5%          2    None
c - Blink                 Tloc           N/A          6%          2    None
d - Mephitic Cloud        Conj/Pois/Air  ###.....     12%         3    ##.....

Your spell library contained the following spells:

 Spells                   Type           Power        Failure   Level  Hunger
 Slow                     Hex            #.......     13%         2    None
 Conjure Flame            Conj/Fire      ##......     13%         3    ##.....


Dungeon Overview and Level Annotations

Branches:
Dungeon (3/15)

Altars:
Yredelemnul
Zin

Shops:
D:2 *

Annotations:
D:3 Natasha


Message History

You are more poisoned.
You feel sick. The bat barely misses you. Natasha claws you but does no damage.
The kobold hits you but does no damage.
You are more poisoned.
You feel very sick. The bat closely misses you. Natasha misses you.
The kobold hits you but does no damage.
You feel sick. The bat barely misses you. Natasha misses you.
The kobold hits you but does no damage.
* * * LOW HITPOINT WARNING * * *
You feel very sick. The bat hits you.
* * * LOW HITPOINT WARNING * * *
Natasha barely misses you.
The kobold hits you with a +1 dagger of venom.
* * * LOW HITPOINT WARNING * * *
* * * LOW HITPOINT WARNING * * *
You feel sick. The bat hits you but does no damage. The bat barely misses you.
Natasha claws you.
You die...

....####.#######.#
.#.......# #.#
♣######### #.#
###.#### #......#
#.#.##.#
##.#(##.###
#.##.........#
......h@K#.#.#
#.##...........
#(....b##.#.
#.#...## # #.##.##
#. ... #<# #+#


You could see Natasha, a bat and a kobold.

Vanquished Creatures
  Crazy Yiuf (D:3)
  Robin (D:2)
  2 adders (D:2)
  A worm (D:2)
  3 dart slugs
  4 leopard geckos
  9 orcs (D:3)
  2 giant cockroaches
  13 hobgoblins
  7 jackals (D:2)
  2 ball pythons
  7 bats
  4 frilled lizards
  16 goblins
  8 kobolds
  4 rats
84 creatures vanquished.

Vanquished Creatures (collateral kills)
  2 adders
  An orc (D:3)
  A kobold (D:1)
4 creatures vanquished.

Vanquished Creatures (others)
  4 toadstools (D:1)
4 creatures vanquished.

Grand Total: 92 creatures vanquished

Notes
Turn   | Place    | Note
-------+----------+-------------------------------------------
     0 | D:1      | Hasart the Deep Elf Wizard began the quest for the Orb.
     0 | D:1      | Reached XP level 1. HP: 10/10 MP: 7/7
   206 | D:1      | Reached XP level 2. HP: 4/15 MP: 2/9
   425 | D:1      | Learned a level 2 spell: Call Imp
   428 | D:1      | Learned a level 2 spell: Blink
  1011 | D:1      | Reached XP level 3. HP: 19/19 MP: 9/11
  1016 | D:1      | Learned a level 3 spell: Mephitic Cloud
  1248 | D:2      | Found Zin's Purification Station.
  1248 | D:2      | Found a glowing silver altar of Zin.
  1454 | D:2      | Reached skill level 5 in Spellcasting
  1510 | D:2      | Found a basalt altar of Yredelemnul.
  1567 | D:2      | Noticed Robin
  1637 | D:2      | Reached XP level 4. HP: 9/24 MP: 1/13
  2619 | D:2      | Killed Robin
  2619 | D:2      | Reached skill level 1 in Poison Magic
  3104 | D:3      | Reached XP level 5. HP: 28/28 MP: 7/14
  3601 | D:3      | Found a runed translucent door.
  3602 | D:3      | Noticed Crazy Yiuf
  3642 | D:3      | Upgraded the game from 0.25-a0-942-g87a53962fc to
                  | 0.25-a0-1007-g10a8c3caa8
  3647 | D:3      | Killed Crazy Yiuf
  3647 | D:3      | Reached skill level 1 in Air Magic
  3675 | D:3      | Noticed Natasha
  3688 | D:3      | Slain by Natasha

Illustrated notes

Levels and vault maps discovered:
D:1:      ldierk_walled_garden_2, layout_basic, st_stairs_11
D:2:      layout_loops_cross, zin_purify, chequers_garden, skrybe_limestone_x,
          chequers_arboretum, yredelemnul_altar_generic, uniq_robin
D:3:      layout_loops_corners, lemuel_doored_altar, first_ration, uniq_terence,
          uniq_natasha, uniq_crazy_yiuf_cottage

Skill      XL: |  1  2  3  4  5 |
---------------+----------------+-----
Conjurations   | 2 3 |  3.3
Dodging        | 3 |  3.3
Spellcasting   | 5 |  5.3
Poison Magic   | 1 |  1.3
Summonings     | 2 |  2.0
Air Magic      | 1 |  1.0
Stealth        | |  2.4
Translocations | |  1.9

Action                   |  1- 3 |  4- 6 || total
-------------------------+-------+-------++-------
Melee: Spear             |     2 |       ||     2
       Trident           |       |    18 ||    18
 Cast: Magic Dart        |    90 |   107 ||   197
       Call Imp          |     1 |     5 ||     6
  Eat: Chunk             |     2 |     5 ||     7
Armor: Robe              |    10 |    26 ||    36
Dodge: Dodged            |    21 |    53 ||    74

Table legend:
 A = Non-vault XP
 B = Vault XP
 C = Vault XP percentage of total XP
 D = Non-vault monster count
 E = Vault monster count
 F = Vault count percentage of total count
                 A         B        C        D         E       F
            +---------+---------+-------+---------+---------+-------
      Total |     180 |      79 |  30.5 |      72 |      16 |  18.2
            +---------+---------+-------+---------+---------+-------
        D:1 |      47 |       6 |  11.3 |      23 |       4 |  14.8
        D:2 |      92 |      34 |  27.0 |      32 |      11 |  25.6
        D:3 |      41 |      39 |  48.8 |      17 |       1 |   5.6
            +---------+---------+-------+---------+---------+-------
